 Dungeon Crawl Stone Soup version 0.31-a0-1576-ga3383bade6 (webtiles) character file.

Game seed: 9796976080189736993

1871478 Zirtrex the Archmage (level 27, 183/183 HPs)
             Began as a Deep Elf Earth Elementalist on Jan 2, 2024.
             Was the Champion of Vehumet.
             Escaped with the Orb
             ... and 4 runes on Jan 5, 2024!
             The game lasted 05:38:12 (104281 turns).

Zirtrex the Archmage (DEEE)                       Turns: 104281, Time: 05:38:13

Health: 183/183    AC: 21    Str:  5    XL:     27
Magic:  22/65      EV: 12    Int: 45    God:    Vehumet [******]
Gold:   5105       SH: 18    Dex: 15    Spells: 9/80 levels left

rFire   + + .        W - +11 dagger of the Grim God {speed, rF+ rC+ rN+ rCorr}
rCold   + + .        v - +5 kite shield {rC+ rF+}
rNeg    + . .        N - +2 robe "Ahoreaz" {MP+9 Int+4}
rPois   +            (no helmet)
rElec   .            B - +2 cloak
rCorr   +            w - +2 pair of gloves
SInv    .            T - +2 pair of boots of Farfalle {rPois}
Will    +++..        k - dreamshard necklace {Acrobat *Dream}
Stlth   ++           a - +4 ring of protection
HPRegen 0.50/turn    D - +6 ring of intelligence
MPRegen 0.39/turn

%: acrobat
@: studying Throwing
A: iridescent scales 2, strong-willed 1
0: Orb of Zot
}: 4/15 runes: serpentine, barnacled, slimy, silver
a: Renounce Religion


You escaped.
You worshipped Vehumet.
Vehumet was exalted by your worship.
You visited 11 branches of the dungeon, and saw 53 of its levels.
You also visited: Bailey, Wizlab and Desolation.

You collected 8202 gold pieces.
You spent 3097 gold pieces at shops.

Inventory:

Hand Weapons
 W - the +11 dagger of the Grim God (weapon) {speed, rF+ rC+ rN+ rCorr}
   (You found it in the Desolation of Salt)

   rF+:       It protects you from fire.
   rC+:       It protects you from cold.
   rN+:       It protects you from negative energy.
   rCorr:     It protects you from acid and corrosion.
Armour
 v - a +5 kite shield of resistance (worn)
 w - a +2 pair of gloves (worn)
 x - the +3 hat of Pondering {ponderous, Will+ MP+10 Int+5}
   (You found it on level 5 of the Pits of Slime)

   Int+5:     It affects your intelligence (+5).
   Will+:     It increases your willpower.
   MP+10:     It affects your magic capacity (+10).
 z - a +1 kite shield of protection
 B - a +2 cloak (worn)
 L - the +0 hat "Defarph" {rN+ Regen+ Stlth+}
   (You found it on level 2 of the Elven Halls)

   rN+:       It protects you from negative energy.
   Regen+:    It increases your rate of health regeneration.
   Stlth+:    It makes you more stealthy.
 M - a +2 helmet of see invisible
 N - the +2 robe "Ahoreaz" (worn) {MP+9 Int+4}
   (You found it on level 12 of the Dungeon)

   Int+4:     It affects your intelligence (+4).
   MP+9:      It affects your magic capacity (+9).
 P - the +5 moon troll leather armour {Spirit, Regen++ MP+5}
   (You took it off a moon troll in a wizard's laboratory)

   MP+5:      It affects your magic capacity (+5).
   Regen++:   It increases your rate of health regeneration.
 T - the +2 pair of boots of Farfalle (worn) {rPois}
   (You bought it in a shop on level 4 of the Shoals)

   rPois:     It protects you from poison
 Y - a +3 buckler of resistance
Magical Staves
 n - the staff of Arrival {rElec rC- rCorr Summ Earth}
   (You took it off an arcanist on level 15 of the Dungeon)

   [staff of earth]

   Base accuracy: +5 Base damage: 5 Base attack delay: 1.2 This weapon's minimum
   attack delay (0.6) is reached at skill level 12.
   rC-:       It makes you vulnerable to cold.
   rElec:     It insulates you from electricity.
   rCorr:     It protects you from acid and corrosion.
   Summ:      It increases the power of your Summonings spells.
   Earth:     It increases the power of your Earth spells.
   It falls into the 'Staves' category.
   It is a one-handed weapon.
 r - the staff "Ribuohif" {rCorr Int+5 Conj}
   (You acquired it on level 1 of the Lair of Beasts)

   [staff of conjuration]

   Base accuracy: +5 Base damage: 5 Base attack delay: 1.2 This weapon's minimum
   attack delay (0.6) is reached at skill level 12.
   Int+5:     It affects your intelligence (+5).
   rCorr:     It protects you from acid and corrosion.
   Conj:      It increases the power of your Conjurations spells.
   It falls into the 'Staves' category.
   It is a one-handed weapon.
Jewellery
 a - a +4 ring of protection (left hand)
 k - the dreamshard necklace (around neck) {Acrobat *Dream}
   (You acquired it on level 1 of the Lair of Beasts)

   [amulet of the acrobat]

   *Dream:    It absorbs a single lethal wound into itself, holding its wearer
   just short of death and releasing dream-creatures to guard them.
   Acrobat:   It increases your evasion while moving and waiting.
 q - the ring of Xeevvuyn {rF+ rC++}
   (You found it on level 1 of the Elven Halls)

   [ring of protection from fire]

   rF+:       It protects you from fire.
   rC++:      It greatly protects you from cold.
 u - the ring of Loskuw {rPois rF++}
   (You found it on level 5 of the Pits of Slime)

   [ring of poison resistance]

   rF++:      It greatly protects you from fire.
   rPois:     It protects you from poison
 D - a +6 ring of intelligence (right hand)
 Q - the ring "Teef" {Fly rF+ Stlth+}
   (You found it in a wizard's laboratory)

   [ring of protection from fire]

   rF+:       It protects you from fire.
   Fly:       It grants you flight.
   Stlth+:    It makes you more stealthy.
 R - a ring of willpower
Wands
 e - a wand of mindburst (55)
 m - a wand of roots (69)
 C - a wand of digging (4)
 E - a wand of light (43)
Scrolls
 f - 9 scrolls of vulnerability
 h - 5 scrolls of torment
 j - 4 scrolls of immolation
 l - 3 scrolls of fear
 o - 23 scrolls of teleportation
 y - 8 scrolls of fog
 A - 7 scrolls of poison
 H - 9 scrolls of enchant armour
 J - 5 scrolls of amnesia
 Z - a scroll of summoning
Potions
 b - 5 potions of magic
 c - 19 potions of curing
 d - 4 potions of lignification
 i - 7 potions of ambrosia
 s - 2 potions of mutation
 t - 9 potions of heal wounds
 F - 3 potions of cancellation
 I - 2 potions of haste
 K - 5 potions of invisibility
 O - 3 potions of enlightenment
 S - 3 potions of resistance
 V - 4 potions of brilliance
Miscellaneous
 g - a phial of floods
 p - a phantom mirror
 U - a condenser vane


   Skills:
 + Level 21.5 Fighting
 - Level 5.0 Dodging
 - Level 15.3 Stealth
 - Level 15.0 Shields
 O Level 27 Spellcasting
 - Level 12.1 Conjurations
 - Level 5.1 Necromancy
 + Level 22.1 Ice Magic
 - Level 5.0 Air Magic
 + Level 25.3 Earth Magic
 - Level 5.0 Alchemy
 - Level 4.1 Evocations


You had 9 spell levels left.
You knew the following spells:

 Your Spells              Type           Power      Damage    Failure   Level
a - Sandblast             Erth           100%       2d20      0%          1
b - Passwall              Erth           100%       N/A       0%          3
c - Stone Arrow           Conj/Erth      100%       3d13      0%          3
d - Shatter               Erth           69%        3d51*     1%          9
e - Freezing Cloud        Conj/Ice/Air   54%        6-21      1%          5
f - Swiftness             Air            81%        N/A       1%          3
g - Irradiate             Conj/Alch      47%        3d27      1%          5
h - Ozocubu's Refrigerat  Ice            65%        4d22      1%          7
i - Borgnjor's Vile Clut  Necr/Erth      57%        N/A       1%          5
j - Bombard               Conj/Erth      62%        9d10      1%          6
k - Orb of Destruction    Conj           53%        9d13      1%          7
l - Lehudib's Crystal Sp  Conj/Erth      62%        10d14     1%          8
m - Polar Vortex          Ice            65%        12d8*     2%          9

Your spell library contained the following spells:

 Spells                   Type           Power      Damage    Failure   Level
 Magic Dart               Conj           100%       1d8       0%          1
 Sting                    Conj/Alch      100%       1d9       0%          1
 Ensorcelled Hibernation  Hex/Ice        100%       N/A       0%          2
 Frozen Ramparts          Ice            100%       1d16      0%          3
 Hailstorm                Conj/Ice       100%       3d16      0%          3
 Ozocubu's Armour         Ice            100%       N/A       0%          3
 Brom's Barrelling Bould  Conj/Erth      100%       2d11      0%          4
 Petrify                  Alch/Erth      100%       N/A       0%          4
 Apportation              Tloc           100%       N/A       1%          1
 Foxfire                  Conj/Fire      100%       2x1d9     1%          1
 Necrotise                Necr           100%       1d9       1%          1
 Slow                     Hex            100%       N/A       1%          1
 Summon Small Mammal      Summ           100%       N/A       1%          1
 Blink                    Tloc           100%       N/A       1%          2
 Call Imp                 Summ           100%       N/A       1%          2
 Cigotuvi's Dreadful Rot  Necr/Alch/Air  100%       N/A       1%          2
 Jinxbite                 Hex            100%       N/A       1%          2
 Lesser Beckoning         Tloc           100%       N/A       1%          2
 Mercury Vapours          Alch/Air       100%       N/A       1%          2
 Scorch                   Fire           100%       2d9       1%          2
 Sublimation of Blood     Necr           82%        N/A       1%          2
 Confusing Touch          Hex            57%        N/A       1%          3
 Dazzling Flash           Conj/Hex       100%       N/A       1%          3
 Fugue of the Fallen      Necr           82%        N/A       1%          3
 Gell's Gravitas          Tloc           57%        N/A       1%          3
 Inner Flame              Hex/Fire       57%        N/A       1%          3
 Mephitic Cloud           Conj/Alch/Air  91%        N/A       1%          3
 Sigil of Binding         Hex            57%        N/A       1%          3
 Summon Ice Beast         Ice/Summ       100%       N/A       1%          3
 Teleport Other           Tloc           57%        N/A       1%          3
 Tukima's Dance           Hex            57%        N/A       1%          3
 Vampiric Draining        Necr           82%        2d11      1%          3
 Volatile Blastmotes      Fire/Tloc      100%       2d18      1%          3
 Animate Armour           Summ/Erth      100%       N/A       1%          4
 Animate Dead             Necr           82%        N/A       1%          4
 Dispel Undead            Necr           82%        3d27      1%          4
 Flame Wave               Conj/Fire      86%        2d18      1%          4
 Fulminant Prism          Conj/Alch      47%        3d21      1%          4
 Ignite Poison            Fire/Alch      70%        N/A       1%          4
 Iskenderun's Mystic Bla  Conj/Tloc      86%        2d17      1%          4
 Olgreb's Toxic Radiance  Alch           81%        N/A       1%          4
 Arcjolt                  Conj/Air       47%        1d57      1%          5
 Fireball                 Conj/Fire      43%        3d17      1%          5
 Iskenderun's Battlesphe  Conj           100%       2d15      1%          5
 Metabolic Englaciation   Hex/Ice        51%        N/A       1%          5
 Yara's Violent Unravell  Hex/Alch       35%        3d14      1%          5
 Conjure Ball Lightning   Conj/Air       47%        3x3d16    1%          6
 Sculpt Simulacrum        Ice/Alch       55%        N/A       1%          6
 Anguish                  Hex/Necr       35%        N/A       2%          4
 Martyr's Knell           Necr/Summ      71%        N/A       2%          4
 Vhi's Electric Charge    Tloc/Air       100%       N/A       2%          4
 Alistair's Intoxication  Alch           54%        N/A       2%          5
 Curse of Agony           Necr           82%        N/A       2%          5
 Starburst                Conj/Fire      43%        6d12      2%          6
 Eringya's Noxious Bog    Alch           40%        4d6       3%          6
 Cause Fear               Hex            28%        N/A       7%          4
 Dimensional Bullseye     Hex/Tloc       28%        N/A       7%          4
 Manifold Assault         Tloc           57%        N/A       7%          4
 Passage of Golubria      Tloc           57%        N/A       7%          4
 Summon Blazeheart Golem  Fire/Summ      57%        N/A       7%          4
 Silence                  Hex/Air        35%        N/A       7%          5
 Plasma Beam              Fire/Air       35%        2x1d48    11%         6
 Death Channel            Necr           41%        N/A       13%         6
 Spellforged Servitor     Conj/Summ      43%        N/A       13%         7
 Summon Forest            Summ/Tloc      28%        N/A       19%         5
 Summon Mana Viper        Hex/Summ       57%        N/A       19%         5
 Dispersal                Tloc           28%        N/A       71%         6
 Summon Cactus Giant      Summ           28%        N/A       71%         6
 Maxwell's Capacitive Co  Air            40%        ∞         78%         8
 Haunt                    Necr/Summ      35%        N/A       90%         7
 Malign Gateway           Summ/Tloc      28%        N/A       99%         7
 Summon Hydra             Summ           28%        N/A       99%         7
 Infestation              Necr           41%        N/A       99%         8
 Discord                  Hex            28%        N/A       100%        8
 Disjunction              Tloc           28%        N/A       100%        8
 Ignition                 Fire           28%        3d9       100%        8
 Summon Horrible Things   Summ           28%        N/A       100%        8
 Dragon's Call            Summ           28%        N/A       100%        9


Dungeon Overview and Level Annotations

Branches:
Dungeon (15/15)            Temple (1/1) D:5            Lair (5/5) D:9
 Shoals (4/4) Lair:2        Snake (4/4) Lair:3        Slime (5/5) Lair:5
    Orc (2/2) D:11            Elf (3/3) Orc:2        Vaults (5/5) D:13
  Crypt (0/3) Vaults:3     Depths (4/4) D:15            Zot (5/5) Depths:4
 Bailey (visited)          WizLab (visited)         Desolation (visited)

Altars:
Ashenzari
Cheibriados
Dithmenos
Elyvilon
Fedhas
Gozag
Hepliaklqana
Kikubaaqudgha
Makhleb
Nemelex Xobeh
Okawaru
Qazlal
Ru
Sif Muna
Trog
Uskayaw
Vehumet
Wu Jian
Xom
Yredelemnul
Zin
The Shining One
Jiyva

Shops:
D:7 ?   Orc:2 [::=(   Elf:2 (   Elf:3 :==   Shoals:4 *!   Snake:1 *
Snake:2 ::=(*   Snake:3 [   Depths:2 =

Portals:
Hell: Depths:1 Depths:2 Depths:3 Depths:4
Abyss: Depths:3
Pandemonium: Depths:2
Ziggurat: Depths:1

Annotations:
D:5 Grinder
Shoals:1 3 runed translucent doors, olddryhag's ghost, journeyman DrCj
Snake:3 2 transporters
Elf:1 1 runed translucent door
Elf:2 6 runed translucent doors


Innate Abilities, Weirdness & Mutations

You are mostly covered in iridescent scales. (AC +4)
You are strong-willed. (Will+)


Message History

Aim: an ice devil (84% to hit)
The crystal spear hits the ice devil!!!
You kill the ice devil!
Vehumet accepts your kill.
You feel your power returning.
A sun demon comes into view.
Casting: Lehudib's Crystal Spear (mildly dangerous; 1% risk of failure)
Confirm with . or Enter, or press ? or * to list all spells.
The dungeon rumbles!
The sun demon is lightly wounded.
A door shatters! x2
Ka-crash!
Casting: Shatter (dangerous; 1% risk of failure)
Confirm with . or Enter, or press ? or * to list all spells.
You can't see any susceptible monsters within range! (Use Z to cast anyway.)
A balrug comes into view. It is wielding a +0 demon whip.
A sun demon comes into view.
Your magical contamination has completely faded away.
Casting: Shatter (dangerous; 1% risk of failure)
Confirm with . or Enter, or press ? or * to list all spells.
You can't see any susceptible monsters within range! (Use Z to cast anyway.)
Casting: Shatter (dangerous; 1% risk of failure)
Confirm with . or Enter, or press ? or * to list all spells.
The heat is drained from your surroundings.
The balrug is frozen!
You kill the balrug!
Vehumet accepts your kill.
You feel your power returning.
You hear a sizzling splash.
The sun demon is frozen!
You kill the sun demon!
Vehumet accepts your kill.
You feel your power returning.
The sun demon is frozen!
You kill the sun demon!
Vehumet accepts your kill.
You feel your power returning.
Blink to where?
Press: ? - help, Dir - move target
As you read the scroll of blinking, it crumbles to dust.
You have escaped!

.................#....#8#.......#
............#.#..#....###.......#
.............................#+##
..........................####+##
....................#............
........#####.......#....#.......
#####........§§.........##.......
#####..≈.≈§≈≈§§≈≈≈≈≈.≈...........
.......≈§≈...§§≈@..≈.≈...........
.......≈≈≈§§§§§≈§≈.≈≈§..#........
........§§§§.....≈>.....#..###...
.####..≈≈≈§§§≈§§§≈.≈≈≈.....###.##
.####..≈.§§..≈§§§..§§≈.......>†#
.......≈.≈§≈≈≈§§≈§≈≈.§§..#.######
.#####.≈.....§§§....§§...........
.#####.≈≈≈§§§§≈§≈§.≈§§....#######
.....#...≈§§§§§§§≈.≈.............


There were no monsters in sight!

Vanquished Creatures
  the Royal Jelly (Slime:5)
  An ancient lich (Zot:5)
  Frederick (Vaults:4)
  2 dread liches
  A pandemonium lord (Zot:5)
  5 orbs of fire
  Mara (Snake:4)
  Vv (Zot:3)
  Josephina (Zot:3)
  Vashnia (Snake:2)
  8 Killer Klowns (Zot:5)
  Saint Roka (Vaults:3)
  A curse toe (Zot:3)
  14 golden dragons
  Margery (Vaults:3)
  6 caustic shrikes
  4 electric golems
  Norris (Vaults:3)
  Rupert (D:12)
  2 hellephants (Depths:2)
  18 tentacled monstrosities
  5 titans
  26 Orb Guardians (Zot:5)
  A moon troll (WizLab)
  Jorgrun (D:13)
  Asterion (Depths:1)
  7 quicksilver dragons
  3 deep elf blademasters
  6 sphinxes
  22 acid blobs
  5 liches
  Polyphemus (Shoals:3)
  2 krakens (Shoals:4)
  2 deep elf master archers (Elf:3)
  8 tentacled starspawn (WizLab)
  Frances (D:13)
  An ancient champion (Vaults:3)
  8 death cobs
  The ghost of Sundig the Peltast, an adept DsFi of Gozag (Elf:2)
  Agnes (Elf:2)
  12 storm dragons
  6 shadow dragons
  Aizul (Snake:1)
  Donald (Elf:2)
  14 rockslimes
  Ilsuiw (Shoals:2)
  9 azure jellies
  A demonspawn warmonger (D:4)
  5 draconian monks
  5 protean progenitors
  Roxanne (Snake:4)
  9 fire giants
  7 deep elf sorcerers
  An imperial myrmidon (Desolation)
  2 draconian knights
  9 tengu reavers
  2 iron dragons
  4 deep elf elementalists
  3 nagarajas
  6 draconian scorchers
  11 frost giants
  A balrug (D:1)
  17 vault wardens
  9 draconian shifters
  2 angels (Vaults:3)
  3 orc warlords
  4 ghost moths
  3 cacodemons
  3 draconian stormcallers
  19 ironbound preservers
  Louise (Elf:1)
  7 draconian annihilators
  17 stone giants
  20 quicksilver oozes
  A vampire knight (Depths:4)
  10 formless jellyfish
  8 ironbound thunderhulks
  28 very ugly things
  4 black draconians
  8 deep elf demonologists
  6 deep elf death magi
  10 purple draconians
  5 war gargoyles
  2 lorocyprocas
  10 green draconians
  A demonspawn black sun (D:4)
  11 yellow draconians
  15 red draconians
  10 deep elf annihilators
  A spark wasp (shapeshifter) (D:15)
  6 dire elephants
  6 white draconians
  A blizzard demon (D:2)
  2 merfolk javelineers (Shoals:4)
  4 ragged hierophants (Desolation)
  9 merfolk impalers
  18 yaktaur captains
  13 ettins
  2 entropy weavers
  6 deep elf high priests
  9 crystal guardians
  4 fire dragons (Depths:1)
  27 vault guards
  5 servants of whispers (Desolation)
  8 ice dragons
  17 great orbs of eyes
  A rakshasa (Depths:3)
  4 hydras
  A catoblepas (Shoals:3)
  6 peacekeepers
  7 salamander tyrants
  10 ironbound frosthearts
  A jorogumo (Zot:4)
  2 spriggan air magi (Depths:2)
  A boulder beetle (shapeshifter) (D:15)
  9 centaur warriors
  Erica (Lair:2)
  5 merfolk avatars
  A death knight (D:14)
  4 satyrs
  3 alligator snapping turtles (Shoals:4)
  An alligator (shapeshifter) (D:15)
  4 merfolk aquamancers
  3 deep troll earth magi
  4 deep troll shamans
  3 ogre magi
  4 two-headed ogres
  8 tengu warriors
  19 naga warriors
  9 anacondas
  4 boulder beetles
  28 dancing weapons
  14 death yaks
  7 hell hogs
  3 orc high priests
  A two-headed ogre (shapeshifter) (Vaults:5)
  A soul eater (D:4)
  A vampire mage (Depths:4)
  22 naga sharpshooters
  10 shock serpents
  3 spriggan berserkers (Depths:4)
  11 deep elf knights
  23 hell knights
  Nergalle (D:12)
  A shock serpent (shapeshifter) (D:15)
  2 spriggans (Depths:4)
  5 sun demons
  8 skeletal warriors
  A fire crab (Lair:2)
  7 salamander mystics
  2 iron trolls (Depths:2)
  8 skysharks
  A spark wasp zombie (Depths:1)
  A deep troll (shapeshifter) (Vaults:5)
  29 deep trolls
  17 sea snakes
  A flayed ghost (Vaults:5)
  14 mana vipers
  10 glowing orange brains
  An orb spider (shapeshifter) (Vaults:5)
  A sea snake (shapeshifter) (Elf:2)
  6 deep elf archers
  10 naga ritualists
  A sun moth (shapeshifter) (Vaults:5)
  An orange crystal statue (WizLab)
  15 arcanists
  24 lindwurms
  A mana viper (shapeshifter) (Vaults:5)
  5 phantasmal warriors
  2 starcursed masses (WizLab)
  11 harpies
  26 deep elf pyromancers
  25 ironbound convokers
  A tengu zombie (Vaults:3)
  27 deep elf zephyrmancers
  8 necromancers
  14 orc knights
  2 shadow dragon skeletons (Vaults:3)
  2 steelbarb worms (shapeshifter)
  A frost giant zombie (Vaults:3)
  A wolf spider (shapeshifter) (Vaults:3)
  21 fauns
  33 ugly things
  A manticore (shapeshifter) (D:15)
  2 tengu skeletons
  7 orc sorcerers
  8 manticores
  Maurice (D:9)
  4 shining eyes
  36 salamanders
  2 elephants (Lair:5)
  12 merfolk sirens
  45 black mambas
  4 cyclopes
  A meliai (shapeshifter) (Elf:2)
  3 meliai (D:13)
  22 vault sentinels
  A fire giant skeleton (Vaults:3)
  A stone giant skeleton (Vaults:3)
  20 moths of wrath
  A water nymph (shapeshifter) (Depths:4)
  A torpor snail (Lair:4)
  9 eyes of devastation
  2 water nymphs
  A black mamba (shapeshifter) (Elf:2)
  12 guardian serpents
  5 rust devils
  13 cane toads
  19 naga magi
  A kobold blastminer (Orc:1)
  2 smoke demons (Depths:1)
  5 gargoyles
  A cane toad (shapeshifter) (D:15)
  A molten gargoyle (Depths:3)
  An unseen horror (shapeshifter) (Elf:2)
  An orange demon (Zot:5)
  An unseen horror (D:11)
  2 kobold demonologists
  48 yaktaurs
  6 rime drakes
  2 hellions
  A yaktaur skeleton (Vaults:3)
  An efreet (Zot:3)
  3 freezing wraiths (Vaults:5)
  5 ice devils
  3 tengu conjurers
  15 komodo dragons
  A troll (shapeshifter) (Elf:2)
  A red devil (D:15)
  4 polar bears
  A polar bear (shapeshifter) (Elf:2)
  24 merfolk
  2 hellwings (Depths:1)
  14 wind drakes
  Prince Ribbit (D:6)
  A tarantella (shapeshifter) (Depths:4)
  5 trolls
  4 hornets
  A draconian simulacrum (Zot:3)
  2 raiju (shapeshifter)
  A shadow dragon simulacrum (Zot:3)
  38 saltlings (Desolation)
  10 snapping turtles
  16 blink frogs
  A fire giant simulacrum (Vaults:3)
  4 glass eyes
  8 dream sheep
  A jumping spider (Vaults:3)
  A jumping spider (shapeshifter) (D:15)
  2 raiju (D:15)
  7 air elementals
  2 centaur simulacra
  An ettin skeleton (Vaults:3)
  90 slime creatures
  2 wraiths
  A vampire (D:10)
  11 wyverns
  Eustachio (D:5)
  9 water elementals
  A fire bat (shapeshifter) (Elf:2)
  22 fire elementals
  5 wargs
  5 golden eyes
  54 yaks
  A yellow draconian simulacrum (Zot:3)
  3 redbacks
  2 glowing shapeshifter zombies
  7 basilisks
  2 neqoxecs (WizLab)
  2 steam dragons
  58 nagas
  A yaktaur simulacrum (Vaults:3)
  A green draconian simulacrum (Zot:3)
  5 vampire mosquitoes
  3 acid dragons
  16 water moccasins
  19 orc warriors
  4 meliai simulacra (D:15)
  6 ogres
  A black bear (Lair:2)
  A sky beast (D:7)
  2 boggarts (D:15)
  A small abomination (Zot:5)
  6 human skeletons (Vaults:3)
  4 wolves (Lair:2)
  A centaur (D:7)
  A phantom (D:4)
  4 kobold brigands
  13 bullfrogs
  A human zombie (Vaults:3)
  A gnoll sergeant (D:7)
  2 scorpions
  A glowing shapeshifter simulacrum (Vaults:3)
  2 earth elementals (Elf:2)
  4 wights (D:7)
  17 killer bees
  A human simulacrum (Vaults:3)
  3 electric eels
  7 howler monkeys
  3 bombardier beetles
  5 jellies (Lair:5)
  4 lava snakes (Lair:3)
  35 orc priests
  4 sleepcaps
  5 hounds
  6 iguanas
  2 gnoll boudas
  35 orc wizards
  24 gnolls
  8 adders
  2 ufetubi (D:7)
  3 dart slugs
  2 ribbon worms
  62 orcs
  8 endoplasms
  3 giant cockroaches
  9 goblins
  7 hobgoblins
  9 jackals
  14 kobolds
  6 quokkas
  8 ball pythons
  5 bats
  3 frilled lizards
  8 rats
  5 aspiring fleshes
  A starspawn tentacle (WizLab)
  A tentacle (Shoals:4)
2419 creatures vanquished.

Vanquished Creatures (collateral kills)
  A boulder beetle (Lair:1)
  A deep troll (Vaults:3)
  A basilisk (D:15)
  13 boulders
16 creatures vanquished.

Vanquished Creatures (others)
  A walking divine tome (Depths:3)
  A moth of wrath (Zot:3)
  15 boulders
  9 starspawn tentacles (WizLab)
  25 tentacles (Shoals:4)
51 creatures vanquished.

Grand Total: 2486 creatures vanquished

Notes
Turn   | Place    | Note
-------+----------+-------------------------------------------
     0 | D:1      | Zirtrex the Deep Elf Earth Elementalist began the quest for
                  | the Orb.
     0 | D:1      | Reached XP level 1. HP: 10/10 MP: 6/6
   230 | D:1      | Reached XP level 2. HP: 15/15 MP: 6/8
   658 | D:1      | Found a faded altar of an unknown god.
  1329 | D:2      | Reached XP level 3. HP: 18/19 MP: 6/10
  1333 | D:2      | Learned a level 3 spell: Passwall
  1337 | D:2      | Learned a level 3 spell: Stone Arrow
  1667 | D:2      | Reached skill level 4 in Spellcasting
  1914 | D:2      | Reached XP level 4. HP: 24/24 MP: 10/12
  2140 | D:2      | Learned a level 4 spell: Brom's Barrelling Boulder
  3147 | D:4      | Reached XP level 5. HP: 15/28 MP: 9/14
  3354 | D:4      | Reached skill level 5 in Spellcasting
  3355 | D:4      | Reached skill level 5 in Stealth
  3359 | D:4      | Reached skill level 5 in Earth Magic
  3401 | D:4      | Reached XP level 6. HP: 32/32 MP: 12/16
  3849 | D:4      | Reached skill level 6 in Spellcasting
  4096 | D:5      | Entered Level 5 of the Dungeon
  4232 | D:5      | Reached XP level 7. HP: 37/37 MP: 15/18
  4258 | D:5      | Noticed Eustachio
  4296 | D:5      | Reached skill level 1 in Fighting
  4403 | D:5      | Noticed a wyvern
  4406 | D:5      | Killed a wyvern
  4522 | D:5      | Killed Eustachio
  4523 | D:5      | Reached skill level 7 in Spellcasting
  5111 | D:5      | Noticed Grinder
  5117 | D:5      | Found a staircase to the Ecumenical Temple.
  5123 | Temple   | Entered the Ecumenical Temple
  5133 | Temple   | Became a worshipper of Vehumet
  5246 | D:6      | Reached XP level 8. HP: 44/44 MP: 19/21
  5853 | D:6      | Reached skill level 8 in Spellcasting
  6038 | D:6      | Noticed Prince Ribbit
  6047 | D:6      | Killed Prince Ribbit
  6595 | D:7      | Reached XP level 9. HP: 22/51 MP: 1/23
  6821 | D:7      | Reached * piety under Vehumet
  6821 | D:7      | Offered knowledge of Shock by Vehumet.
  7305 | D:7      | Found Nayfuh's Magic Scroll Boutique.
  7314 | D:7      | Bought a scroll of teleportation for 48 gold pieces
  7623 | D:8      | Found an ornate altar of the Wu Jian Council.
  7649 | D:8      | Reached skill level 9 in Spellcasting
  7826 | D:8      | Noticed a two-headed ogre
  7831 | D:8      | Killed a two-headed ogre
  7832 | D:8      | Reached skill level 5 in Conjurations
  8118 | D:8      | Offered knowledge of Searing Ray by Vehumet.
  8137 | D:8      | Reached skill level 10 in Spellcasting
  8145 | D:8      | Reached ** piety under Vehumet
  8216 | D:8      | Reached XP level 10. HP: 55/58 MP: 23/26
  8646 | D:8      | Reached skill level 5 in Fighting
  8671 | D:9      | Learned a level 5 spell: Freezing Cloud
  8864 | D:9      | Reached skill level 1 in Ice Magic
  8864 | D:9      | Reached skill level 1 in Air Magic
  9086 | D:9      | Found a staircase to the Lair.
  9563 | D:9      | Reached skill level 11 in Spellcasting
 10208 | D:9      | Reached XP level 11. HP: 64/64 MP: 8/28
 10587 | D:9      | Noticed Maurice
 10592 | D:9      | Killed Maurice
 10704 | D:9      | Identified a scroll of acquirement
 10704 | D:9      | Acquired a book of Spontaneous Combustion
 10710 | D:9      | Learned a level 3 spell: Swiftness
 10716 | D:9      | Learned a level 5 spell: Irradiate
 10893 | Lair:1   | Entered Level 1 of the Lair of Beasts
 11330 | Lair:1   | Reached skill level 5 in Ice Magic
 11386 | Lair:1   | Offered knowledge of Scorch by Vehumet.
 11387 | Lair:1   | Reached skill level 12 in Spellcasting
 11702 | Lair:1   | Noticed a boulder beetle
 11916 | Lair:1   | Reached skill level 5 in Air Magic
 11936 | Lair:1   | Killed a boulder beetle
 12078 | Lair:1   | Acquired the dreamshard necklace {Acrobat *Dream}
 12078 | Lair:1   | Found the dreamshard necklace {Acrobat *Dream}
 12085 | Lair:1   | Acquired the staff "Ribuohif" {rCorr Int+5 Conj}
 12120 | Lair:1   | Found the +3 pair of seven-league boots {Rampage+∞}
 12240 | Lair:2   | Noticed Erica
 12240 | Lair:2   | Noticed a five-headed hydra
 12260 | Lair:2   | Reached *** piety under Vehumet
 12262 | Lair:2   | Reached skill level 1 in Alchemy
 12579 | Lair:2   | Killed Erica
 12580 | Lair:2   | Reached XP level 12. HP: 72/72 MP: 15/30
 12868 | Lair:2   | Found a staircase to the Shoals.
 13141 | Lair:2   | Offered knowledge of Hailstorm by Vehumet.
 13186 | Lair:2   | Noticed a death yak
 13194 | Lair:2   | Noticed a death yak
 13378 | Lair:2   | Reached skill level 13 in Spellcasting
 13680 | Lair:2   | Noticed an eight-headed hydra
 13685 | Lair:2   | Killed an eight-headed hydra
 14022 | Lair:2   | Killed a five-headed hydra
 14202 | Lair:2   | Killed a death yak
 14258 | Lair:2   | Killed a death yak
 14788 | Lair:3   | Reached skill level 10 in Conjurations
 14969 | Lair:3   | Reached **** piety under Vehumet
 15238 | Lair:3   | Reached skill level 10 in Stealth
 15243 | Lair:3   | Reached XP level 13. HP: 44/78 MP: 20/32
 15243 | Lair:3   | Offered knowledge of Sticky Flame by Vehumet.
 15502 | Lair:3   | Found a staircase to the Snake Pit.
 15655 | Lair:3   | Reached skill level 5 in Alchemy
 16322 | Lair:4   | Reached skill level 14 in Spellcasting
 16538 | Lair:4   | Reached skill level 5 in Dodging
 17031 | Lair:5   | Entered Level 5 of the Lair of Beasts
 17290 | Lair:5   | Found a viscous altar of Jiyva.
 17290 | Lair:5   | Found a staircase to the Slime Pits.
 17597 | Lair:5   | Reached skill level 15 in Spellcasting
 17598 | Lair:5   | Reached ***** piety under Vehumet
 17613 | Lair:5   | Offered knowledge of Iskenderun's Battlesphere by Vehumet.
 18492 | Lair:5   | Identified the +4 crystal plate armour of Qeowed {rPois rC-
                  | Dex+7}
 18959 | Lair:5   | Reached XP level 14. HP: 74/86 MP: 14/35
 19411 | D:10     | Entered Level 10 of the Dungeon
 19440 | D:10     | Found a flagged portal.
 19487 | Bailey   | Entered a bailey
 20013 | D:10     | Reached skill level 1 in Evocations
 20351 | D:10     | Found a sparkling altar of Nemelex Xobeh.
 20354 | D:10     | Found a blossoming altar of Fedhas.
 20359 | D:10     | Found a burning altar of Makhleb.
 20778 | D:11     | Found a staircase to the Orcish Mines.
 20887 | D:11     | Identified the +0 pair of gloves of the Silversmith {Harm
                  | *Slow rCorr Dex+9}
 20937 | D:11     | Offered knowledge of Eringya's Noxious Bog by Vehumet.
 21029 | D:11     | Reached skill level 16 in Spellcasting
 21640 | Orc:1    | Entered Level 1 of the Orcish Mines
 21777 | Orc:2    | Entered Level 2 of the Orcish Mines
 22132 | Orc:2    | Found a staircase to the Elven Halls.
 23170 | Orc:2    | Reached skill level 10 in Fighting
 23172 | Orc:2    | Offered knowledge of Ozocubu's Refrigeration by Vehumet.
 23184 | Orc:1    | Learned a level 7 spell: Ozocubu's Refrigeration
 23542 | Orc:2    | Found Ebroyhaf's Weapon Emporium.
 23696 | Orc:2    | Found Uhoc's Book Emporium.
 23696 | Orc:2    | Found Lizaax's Jewellery Shoppe.
 23697 | Orc:2    | Found Qehonadgh's Book Shoppe.
 23701 | Orc:2    | Found Heumu's Antique Armour Emporium.
 23706 | Orc:2    | Bought a book of Unlife for 540 gold pieces
 23709 | Orc:2    | Bought a pair of runed boots for 202 gold pieces
 23709 | Orc:2    | Bought a shiny helmet for 202 gold pieces
 23717 | Orc:2    | Learned a level 5 spell: Borgnjor's Vile Clutch
 24273 | D:12     | Noticed Rupert
 24280 | D:12     | Killed Rupert
 24281 | D:12     | Reached skill level 1 in Necromancy
 24507 | D:12     | Identified the +2 robe "Ahoreaz" {MP+9 Int+4}
 25409 | D:12     | Noticed Nergalle
 25417 | D:12     | Killed Nergalle
 25418 | D:12     | Reached skill level 10 in Earth Magic
 25674 | D:13     | Noticed Jorgrun
 25764 | D:13     | Killed Jorgrun
 25945 | D:13     | Found a gate to the Vaults.
 25945 | D:13     | Noticed an ironbound preserver
 26488 | D:13     | Reached skill level 17 in Spellcasting
 26686 | D:13     | Killed an ironbound preserver
 26757 | D:13     | Noticed Frances
 27021 | D:13     | Killed Frances
 27143 | D:13     | Reached XP level 15. HP: 93/93 MP: 26/38
 27385 | D:13     | Reached skill level 5 in Necromancy
 27735 | D:14     | Offered knowledge of Bombard by Vehumet.
 27748 | D:14     | Learned a level 6 spell: Bombard
 28619 | D:14     | Reached skill level 10 in Ice Magic
 29000 | D:15     | Entered Level 15 of the Dungeon
 29003 | D:15     | Paralysed by an air elemental for 1 turns
 29127 | D:15     | Upgraded the game from 0.31-a0-1549-g5ff9445e89 to
                  | 0.31-a0-1570-g93c622d222
 29201 | D:15     | Found a staircase to the Depths.
 29201 | D:15     | Noticed a frost giant
 29463 | D:15     | Killed a frost giant
 29837 | D:15     | Reached skill level 18 in Spellcasting
 30066 | D:15     | Identified the staff of Devotion {rElec Str+2 Air}
 30414 | D:15     | Identified the staff of Arrival {rElec rC- rCorr Summ
                  | Earth}
 31629 | Snake:1  | Entered Level 1 of the Snake Pit
 32014 | Snake:1  | Found Toff's Overcharged Wands.
 32391 | Snake:1  | Reached XP level 16. HP: 101/101 MP: 40/40
 32618 | Snake:1  | Identified the serpent talisman of Otiorofu {Fly Str+5}
 32618 | Snake:1  | Noticed Aizul
 32629 | Snake:1  | Killed Aizul
 32950 | Snake:2  | Noticed Vashnia
 32985 | Snake:2  | Offered knowledge of Conjure Ball Lightning by Vehumet.
 32993 | Snake:2  | Reached skill level 1 in Shields
 33171 | Snake:2  | Reached skill level 19 in Spellcasting
 33177 | Snake:2  | Killed Vashnia
 33982 | Snake:2  | Found Nyloaq's Book Emporium.
 33990 | Snake:2  | Bought a book of the Spheres for 896 gold pieces
 33998 | Snake:2  | Learned a level 7 spell: Orb of Destruction
 34451 | Snake:2  | Found a blossoming altar of Fedhas.
 34467 | Snake:2  | Found Abypluda's Book Emporium.
 34655 | Snake:2  | Found Lec Judose's Weapon Boutique.
 35116 | Snake:2  | Found Qegoagat's Assorted Antiques.
 35265 | Snake:2  | Found Ricsexzo's Jewellery Shop.
 35556 | Snake:3  | Found Pymenic's Armour Shoppe.
 36148 | Snake:3  | Reached skill level 5 in Shields
 36836 | Snake:3  | Offered knowledge of Yara's Violent Unravelling by Vehumet.
 37012 | Snake:3  | Reached XP level 17. HP: 88/108 MP: 26/42
 37432 | Snake:3  | Found a transporter.
 37432 | Snake:3  | Found a transporter.
 37603 | Snake:4  | Entered Level 4 of the Snake Pit
 37603 | Snake:4  | Noticed Roxanne
 37609 | Snake:4  | Killed Roxanne
 37961 | Shoals:1 | Entered Level 1 of the Shoals
 38463 | Shoals:1 | Found a runed translucent gate.
 38464 | Shoals:1 | Found a runed translucent gate.
 38465 | Shoals:1 | Found a runed translucent gate.
 38992 | Shoals:1 | Noticed olddryhag's ghost (journeyman DrCj)
 39208 | Shoals:2 | Reached skill level 20 in Spellcasting
 39983 | Shoals:2 | Noticed Ilsuiw
 39996 | Shoals:2 | Killed Ilsuiw
 40840 | Shoals:3 | Offered knowledge of Lehudib's Crystal Spear by Vehumet.
 42262 | Shoals:4 | Entered Level 4 of the Shoals
 42837 | Shoals:4 | Noticed a kraken
 42841 | Shoals:4 | Reached XP level 18. HP: 86/114 MP: 35/44
 43223 | Shoals:3 | Learned a level 8 spell: Lehudib's Crystal Spear
 43371 | Shoals:4 | Got a barnacled rune of Zot
 43864 | Shoals:4 | Found Guewuathic's Distillery.
 44138 | Shoals:3 | Noticed Polyphemus
 44145 | Shoals:3 | Killed Polyphemus
 44292 | Shoals:4 | Bought a potion of ambrosia for 136 gold pieces
 44292 | Shoals:4 | Bought a potion of berserk rage for 85 gold pieces
 44292 | Shoals:4 | Bought a potion of resistance for 170 gold pieces
 44292 | Shoals:4 | Bought a potion of curing for 51 gold pieces
 44292 | Shoals:4 | Bought a potion of curing for 51 gold pieces
 44292 | Shoals:4 | Bought a potion of heal wounds for 85 gold pieces
 44482 | Shoals:4 | Found Bare's Assorted Antiques.
 44494 | Shoals:4 | Bought a pair of twisted boots for 399 gold pieces
 44494 | Shoals:4 | Identified the +2 pair of boots of Farfalle {rPois} (You
                  | bought it in a shop on level 4 of the Shoals)
 44555 | Shoals:4 | Identified the staff of Lugonu's Generosity {rF+ Dex+5
                  | Fire}
 45463 | Snake:3  | Upgraded the game from 0.31-a0-1570-g93c622d222 to
                  | 0.31-a0-1576-ga3383bade6
 45847 | Snake:4  | Reached skill level 21 in Spellcasting
 46646 | Snake:4  | Reached ****** piety under Vehumet
 46907 | Snake:4  | Offered knowledge of Shatter by Vehumet.
 46907 | Snake:4  | Offered knowledge of Polar Vortex by Vehumet.
 46907 | Snake:4  | Offered knowledge of Maxwell's Capacitive Coupling by
                  | Vehumet.
 47090 | Snake:4  | Noticed Mara
 47110 | Snake:4  | Noticed Zirtrex's illusion
 47359 | Snake:4  | Noticed Zirtrex's illusion
 47375 | Snake:4  | Noticed Zirtrex's illusion
 47656 | Snake:4  | Noticed Zirtrex's illusion
 47760 | Snake:4  | Noticed Zirtrex's illusion
 47765 | Snake:4  | Killed Mara
 50182 | Snake:4  | Reached skill level 10 in Shields
 50579 | Snake:4  | Got a serpentine rune of Zot
 51031 | Vaults:1 | Entered Level 1 of the Vaults
 51033 | Vaults:1 | Reached XP level 19. HP: 101/121 MP: 46/46
 51780 | Vaults:1 | Reached skill level 15 in Earth Magic
 52344 | Vaults:1 | Reached skill level 22 in Spellcasting
 53251 | Vaults:1 | Paralysed by a formless jellyfish for 1 turns
 54282 | D:7      | Bought a scroll of revelation for 120 gold pieces
 54282 | D:7      | Bought a scroll of teleportation for 48 gold pieces
 54282 | D:7      | Bought a scroll of amnesia for 64 gold pieces
 54296 | D:7      | Learned a level 9 spell: Shatter
 57070 | Vaults:3 | Found a glowing golden altar of the Shining One.
 57082 | Vaults:3 | Found a crumbling gateway.
 57084 | Vaults:3 | Found a white marble altar of Elyvilon.
 57084 | Vaults:3 | Found a glowing silver altar of Zin.
 57177 | Desolati | Entered the Desolation of Salt
 57206 | Desolati | Reached XP level 20. HP: 87/128 MP: 36/48
 57721 | Desolati | Reached skill level 15 in Fighting
 57737 | Desolati | Got the Anthology of the Sepulchral Sphinx
 57950 | Desolati | Reached skill level 23 in Spellcasting
 58460 | Desolati | Identified the +4 plate armour of Honour {rC+}
 58513 | Desolati | Identified the +13 plate armour of Sandy Beauty {rPois}
 58514 | Desolati | Identified the +11 dagger of the Grim God {speed, rF+ rC+
                  | rN+ rCorr}
 60263 | Vaults:3 | Noticed Saint Roka
 61059 | Vaults:3 | Killed Saint Roka
 61236 | Vaults:3 | Noticed Norris
 61398 | Vaults:3 | Noticed Margery
 61836 | Vaults:3 | Found a staircase to the Crypt.
 62265 | Vaults:3 | Killed Margery
 62542 | Vaults:3 | Killed Norris
 63362 | Vaults:4 | Identified the orb of the Serpent {*channel, Dex-3 SInv Air
                  | Alchemy}
 63362 | Vaults:4 | Noticed Frederick
 63369 | Vaults:4 | Killed Frederick
 63370 | Vaults:4 | Reached skill level 24 in Spellcasting
 63370 | Vaults:4 | Reached XP level 21. HP: 114/136 MP: 14/51
 65314 | Vaults:4 | Identified the +10 war axe of Beogh, Scorching {elec,
                  | Int+3}
 66733 | Elf:1    | Entered Level 1 of the Elven Halls
 66733 | Elf:1    | Noticed Louise
 66736 | Elf:1    | Killed Louise
 66884 | Elf:1    | Identified the +9 trident of Fujoxi {flame, SInv}
 67383 | Elf:1    | Found a runed translucent door.
 67519 | Elf:1    | Identified the ring of Xeevvuyn {rF+ rC++}
 68496 | Elf:2    | Noticed Donald
 68498 | Elf:2    | Killed Donald
 68534 | Elf:2    | Noticed Sundig's ghost (adept DsFi)
 68534 | Elf:2    | Gained mutation: Your spells are a little easier to cast,
                  | but a little less powerful. [a cacodemon]
 68804 | Elf:2    | Gained mutation: You are weak. (Str -2) [a cacodemon]
 68928 | Elf:2    | Found a runed translucent gate.
 69028 | Elf:2    | Killed Sundig's ghost
 69029 | Elf:2    | Found a large runed translucent door.
 69030 | Elf:2    | Found a large runed translucent door.
 69044 | Elf:2    | Identified the +0 hat "Defarph" {rN+ Regen+ Stlth+}
 69048 | Elf:2    | Gained mutation: You are very weak. (Str -4) [mutagenic
                  | glow]
 69072 | Elf:2    | Reached skill level 25 in Spellcasting
 69361 | Elf:2    | Found a runed translucent gate.
 69361 | Elf:2    | Found a runed translucent gate.
 69362 | Elf:2    | Found a runed translucent gate.
 69432 | Elf:2    | Lost mutation: Your spells are a little easier to cast, but
                  | a little less powerful. [potion of mutation]
 69432 | Elf:2    | Lost mutation: You are very weak. (Str -4) [potion of
                  | mutation]
 69432 | Elf:2    | Gained mutation: You are very weak. (Str -4) [potion of
                  | mutation]
 69432 | Elf:2    | Gained mutation: Your flesh is cold resistant. (rC+)
                  | [potion of mutation]
 69433 | Elf:2    | Lost mutation: Your flesh is cold resistant. (rC+) [potion
                  | of mutation]
 69433 | Elf:2    | Lost mutation: You are very weak. (Str -4) [potion of
                  | mutation]
 69433 | Elf:2    | Lost mutation: You are weak. (Str -2) [potion of mutation]
 69433 | Elf:2    | Gained mutation: Your muscles are strong. (Str +4, Int/Dex
                  | -1) [potion of mutation]
 69433 | Elf:2    | Gained mutation: You are vulnerable to cold. (rC-) [potion
                  | of mutation]
 69433 | Elf:2    | Gained mutation: You possess an exceptional clarity of
                  | mind. [potion of mutation]
 69434 | Elf:2    | Lost mutation: You possess an exceptional clarity of mind.
                  | [potion of mutation]
 69434 | Elf:2    | Lost mutation: Your muscles are strong. (Str +4, Int/Dex
                  | -1) [potion of mutation]
 69434 | Elf:2    | Lost mutation: You are vulnerable to cold. (rC-) [potion of
                  | mutation]
 69434 | Elf:2    | Gained mutation: You possess an exceptional clarity of
                  | mind. [potion of mutation]
 69434 | Elf:2    | Lost mutation: You possess an exceptional clarity of mind.
                  | [potion of mutation]
 69434 | Elf:2    | Gained mutation: Your mind is acute. (Int +4, Str/Dex -1)
                  | [potion of mutation]
 69493 | Elf:2    | Found Kubemiym's Antique Weapon Shoppe.
 69626 | Elf:2    | Found a runed translucent gate.
 69626 | Elf:2    | Found a runed translucent gate.
 69626 | Elf:2    | Found a runed translucent gate.
 70002 | Elf:3    | Entered Level 3 of the Elven Halls
 70172 | Elf:3    | Found an ancient bone altar of Kikubaaqudgha.
 70237 | Elf:3    | Found Yzocret's Jewellery Boutique.
 70238 | Elf:3    | Found Ygain's Book Emporium.
 70239 | Elf:3    | Found Ethral Ihoe's Jewellery Boutique.
 70311 | Elf:3    | Paralysed by an air elemental for 1 turns
 70464 | Elf:3    | Reached XP level 22. HP: 144/144 MP: 11/53
 71503 | Elf:3    | Identified the +10 scimitar of the End {heavy, ^Drain rF++
                  | rCorr Int+3}
 72660 | Elf:2    | Noticed Agnes
 72664 | Elf:2    | Killed Agnes
 73595 | Elf:3    | Identified the +3 triple crossbow "Ebikhed" {drain, rF+
                  | Int-5 Dex+3 Stlth+}
 73642 | Elf:3    | Identified the +2 chain mail "Etofomm" {Dex+4}
 73649 | Elf:3    | Got the Vellum of Crystallized Malisons
 73659 | Elf:3    | Identified the +3 orcbow of Tumult {antimagic, *Slow rPois
                  | rC+ Int+2}
 74187 | Vaults:5 | Entered Level 5 of the Vaults
 74223 | Vaults:5 | Reached skill level 26 in Spellcasting
 74223 | Vaults:5 | Noticed a dread lich
 74225 | Vaults:5 | Killed a dread lich
 74225 | Vaults:5 | Noticed a golden dragon
 74233 | Vaults:5 | Killed a golden dragon
 74256 | Vaults:5 | Reached XP level 23. HP: 147/150 MP: 15/55
 75377 | Vaults:5 | Identified the +10 whip of Logoso {venom, rElec Str+2 Dex+2
                  | Stlth+}
 75651 | Vaults:5 | Reached skill level 15 in Shields
 76204 | Vaults:5 | Found the +8 demon trident "Rift" {distort, reach+}
 76219 | Vaults:5 | Got the Discursus on Postmortem Command
 76413 | Vaults:5 | Identified the +1 helmet "Paivaj" {Will+ MP+9 Int-5 Stlth+}
 76414 | Vaults:5 | Identified the +8 plate armour of Devotion {Str+2 Slay+2}
 76429 | Vaults:5 | Identified the +10 dagger of Infinite Pain {speed, Int-5
                  | Dex+5 Stlth+}
 76572 | Vaults:5 | Identified the +3 great mace of Haxzadgh {flame, rCorr}
 76576 | Vaults:5 | Got a silver rune of Zot
 77143 | D:15     | Learned a level 9 spell: Polar Vortex
 77146 | Depths:1 | Entered Level 1 of the Depths
 77321 | Depths:1 | Noticed Asterion
 77327 | Depths:1 | Killed Asterion
 78005 | Depths:1 | Found a gateway to Hell.
 78114 | Depths:1 | Found a one-way gateway to a ziggurat.
 78339 | Depths:1 | Reached skill level 27 in Spellcasting
 78707 | Depths:1 | Found a glowing silver altar of Zin.
 78861 | Depths:2 | Found Virph's Jewellery Shop.
 78887 | Depths:2 | Noticed a caustic shrike
 78891 | Depths:2 | Killed a caustic shrike
 78926 | Depths:2 | Found a magical portal.
 78937 | WizLab   | Entered Lehudib's Moon Base
 79188 | WizLab   | Found a transporter.
 79783 | WizLab   | Reached skill level 15 in Ice Magic
 80176 | WizLab   | Reached XP level 24. HP: 152/159 MP: 36/56
 80317 | WizLab   | Found a transporter.
 80733 | WizLab   | Identified the ring "Teef" {Fly rF+ Stlth+}
 81715 | Depths:2 | Identified the +5 orcbow of Dissolution {drain, Str-2 Dex+7
                  | SInv}
 81985 | Depths:2 | Found a one-way gate leading to the halls of Pandemonium.
 83020 | Depths:3 | Found a one-way gate to the infinite horrors of the Abyss.
 83944 | Depths:4 | Entered Level 4 of the Depths
 85043 | Depths:4 | Got the Compilation of Mortuary Movement
 85735 | Depths:4 | Found a gate to the Realm of Zot.
 86185 | Zot:1    | Entered Level 1 of the Realm of Zot
 87586 | Zot:1    | Reached XP level 25. HP: 166/166 MP: 56/56
 90058 | Zot:3    | Noticed Vv
 90062 | Zot:3    | Killed Vv
 90408 | Zot:3    | Identified the ring "Vizuof" {Ice Dex+6 Slay-5}
 90408 | Zot:3    | Noticed Josephina
 90410 | Zot:3    | Killed Josephina
 90564 | Zot:3    | Noticed an orb of fire
 90566 | Zot:3    | Gained mutation: Your magical capacity is low. (-10% MP)
                  | [an orb of fire]
 90568 | Zot:3    | Gained mutation: You have supernaturally acute eyesight.
                  | (SInv) [an orb of fire]
 90569 | Zot:3    | Killed an orb of fire
 90654 | Zot:2    | Lost mutation: Your mind is acute. (Int +4, Str/Dex -1)
                  | [potion of mutation]
 90654 | Zot:2    | Lost mutation: You have supernaturally acute eyesight.
                  | (SInv) [potion of mutation]
 90654 | Zot:2    | Lost mutation: Your magical capacity is low. (-10% MP)
                  | [potion of mutation]
 90654 | Zot:2    | Gained mutation: Armour fits poorly on your strangely
                  | shaped body. [potion of mutation]
 90654 | Zot:2    | Gained mutation: You occasionally lose the ability to drink
                  | potions when taking damage. [potion of mutation]
 90655 | Zot:2    | Lost mutation: You occasionally lose the ability to drink
                  | potions when taking damage. [potion of mutation]
 90655 | Zot:2    | Lost mutation: Armour fits poorly on your strangely shaped
                  | body. [potion of mutation]
 90655 | Zot:2    | Gained mutation: You are clumsy. (Dex -2) [potion of
                  | mutation]
 90655 | Zot:2    | Gained mutation: You are somewhat resistant to further
                  | mutation. [potion of mutation]
 90656 | Zot:2    | Lost mutation: You are clumsy. (Dex -2) [potion of
                  | mutation]
 90656 | Zot:2    | Lost mutation: You are somewhat resistant to further
                  | mutation. [potion of mutation]
 90656 | Zot:2    | Gained mutation: You are partially covered in iridescent
                  | scales. (AC +2) [potion of mutation]
 93743 | Zot:5    | Entered Level 5 of the Realm of Zot
 93822 | Zot:5    | Reached XP level 26. HP: 174/174 MP: 54/56
 94306 | Zot:5    | Noticed an orb of fire
 94312 | Zot:5    | Killed an orb of fire
 94769 | Zot:5    | Noticed an orb of fire
 94769 | Zot:5    | Noticed a dread lich
 94770 | Zot:5    | Noticed an orb of fire
 94770 | Zot:5    | Gained mutation: You occasionally lose the ability to drink
                  | potions when taking damage. [an orb of fire]
 94772 | Zot:5    | Reached skill level 15 in Stealth
 94772 | Zot:5    | Gained mutation: Your magical capacity is low. (-10% MP)
                  | [an orb of fire]
 95011 | Zot:5    | Killed a dread lich
 95012 | Zot:5    | Noticed an ancient lich
 95014 | Zot:4    | Lost mutation: You are partially covered in iridescent
                  | scales. (AC +2) [potion of mutation]
 95014 | Zot:4    | Lost mutation: You occasionally lose the ability to drink
                  | potions when taking damage. [potion of mutation]
 95014 | Zot:4    | Gained mutation: You have a pair of small horns on your
                  | head. [potion of mutation]
 95014 | Zot:4    | Gained mutation: Your muscles are strong. (Str +4, Int/Dex
                  | -1) [potion of mutation]
 95015 | Zot:4    | Lost mutation: Your muscles are strong. (Str +4, Int/Dex
                  | -1) [potion of mutation]
 95015 | Zot:4    | Lost mutation: You have a pair of small horns on your head.
                  | [potion of mutation]
 95015 | Zot:4    | Gained mutation: Your body sometimes deteriorates upon
                  | taking damage. [potion of mutation]
 95015 | Zot:4    | Gained mutation: You are frail. (-10% HP) [potion of
                  | mutation]
 95016 | Zot:4    | Lost mutation: Your body sometimes deteriorates upon taking
                  | damage. [potion of mutation]
 95016 | Zot:4    | Lost mutation: Your magical capacity is low. (-10% MP)
                  | [potion of mutation]
 95016 | Zot:4    | Gained mutation: Your flesh is heat resistant. (rF+)
                  | [potion of mutation]
 95016 | Zot:4    | Gained mutation: Armour fits poorly on your strangely
                  | shaped body. [potion of mutation]
 95017 | Zot:4    | Lost mutation: Armour fits poorly on your strangely shaped
                  | body. [potion of mutation]
 95017 | Zot:4    | Lost mutation: Your flesh is heat resistant. (rF+) [potion
                  | of mutation]
 95017 | Zot:4    | Lost mutation: You are frail. (-10% HP) [potion of
                  | mutation]
 95017 | Zot:4    | Gained mutation: You are robust. (+10% HP) [potion of
                  | mutation]
 95017 | Zot:4    | Gained mutation: You have a pair of small antennae on your
                  | head. [potion of mutation]
 95541 | Slime:1  | Entered Level 1 of the Pits of Slime
 97384 | Slime:5  | Entered Level 5 of the Pits of Slime
 97426 | Slime:5  | Noticed the Royal Jelly
101769 | Slime:5  | Killed the Royal Jelly
101973 | Slime:5  | Found the +3 hat of Pondering {ponderous, Will+ MP+10
                  | Int+5}
101982 | Slime:5  | Identified the +9 short sword of Causality {freeze, Int+2}
101989 | Slime:5  | Identified the +2 leather armour of Kuag {rF- Str+4 Stlth+}
102023 | Slime:5  | Identified the ring of Loskuw {rPois rF++}
102057 | Slime:5  | Got a slimy rune of Zot
102069 | Slime:5  | Identified the ring "Wiocoe" {rN+ rCorr Slay+5 Stlth+}
102081 | Slime:5  | Identified the +0 dagger "Vuruit" {drain, rElec Str+3 Int-5
                  | Stlth+}
102088 | Slime:5  | Identified the ring "Vivedirch" {Fire rN+ Dex+4}
102093 | Slime:5  | Identified the +0 plate armour of Fosejeol {rPois Will+
                  | Int+2}
102096 | Slime:5  | Identified the staff "Beetleslayer" {rF+ Fire Air}
102129 | Slime:5  | Identified the +4 quarterstaff "Neomomudgh" {freeze, *Rage
                  | rCorr Str+4 Stlth+}
102711 | Zot:5    | Noticed an orb of fire
102715 | Zot:5    | Gained mutation: You have hidden genetic defects. [an orb
                  | of fire]
102716 | Zot:5    | Killed an orb of fire
102717 | Zot:5    | Killed an ancient lich
102717 | Zot:5    | Killed an orb of fire
102718 | Zot:5    | Reached XP level 27. HP: 128/200 MP: 51/56
102718 | Zot:5    | Killed an orb of fire
103035 | Zot:5    | Gained mutation: Your body sometimes deteriorates upon
                  | taking damage. [hidden defects]
103587 | Zot:5    | Lost mutation: You have hidden genetic defects. [potion of
                  | mutation]
103587 | Zot:5    | Lost mutation: You are robust. (+10% HP) [potion of
                  | mutation]
103587 | Zot:5    | Lost mutation: You have a pair of small antennae on your
                  | head. [potion of mutation]
103587 | Zot:5    | Gained mutation: You are frail. (-10% HP) [potion of
                  | mutation]
103588 | Zot:5    | Lost mutation: You are frail. (-10% HP) [potion of
                  | mutation]
103588 | Zot:5    | Lost mutation: Your body sometimes deteriorates upon taking
                  | damage. [potion of mutation]
103588 | Zot:5    | Gained mutation: You are agile. (Dex +4, Str/Int -1)
                  | [potion of mutation]
103588 | Zot:5    | Gained mutation: Your system is resistant to poisons.
                  | (rPois) [potion of mutation]
103588 | Zot:5    | Gained mutation: You are vulnerable to cold. (rC-) [potion
                  | of mutation]
103590 | Zot:5    | Lost mutation: You are agile. (Dex +4, Str/Int -1) [potion
                  | of mutation]
103590 | Zot:5    | Lost mutation: You are vulnerable to cold. (rC-) [potion of
                  | mutation]
103590 | Zot:5    | Lost mutation: Your system is resistant to poisons. (rPois)
                  | [potion of mutation]
103590 | Zot:5    | Gained mutation: You are partially covered in iridescent
                  | scales. (AC +2) [potion of mutation]
103590 | Zot:5    | Gained mutation: You are mostly covered in iridescent
                  | scales. (AC +4) [potion of mutation]
103590 | Zot:5    | Gained mutation: You are strong-willed. (Will+) [potion of
                  | mutation]
103593 | Zot:5    | Got the Orb of Zot
103619 | Zot:5    | Noticed Xocuolog the pandemonium lord
103629 | Zot:5    | Killed Xocuolog the pandemonium lord
103843 | D:15     | Noticed Fafunuv the pandemonium lord
104281 | D:$      | Escaped with the Orb!

Illustrated notes

Levels and vault maps discovered:
D:1:      evilmike_arrival_hilbert_curve, layout_basic,
          shapermc_ecumenical_altar_hornbeckon, nrook_loot_triangle
D:2:      layout_loops_corners
D:3:      minmay_inner_zag, layout_basic
D:4:      layout_gridville
D:5:      layout_basic, lemuel_mausoleum_altar_kikubaaqudgha,
          minmay_temple_entry_hall, uniq_eustachio, uniq_grinder
D:6:      nicolae_BIG_FREAKIN_CUBE, layout_loops_ring, minmay_strange_pillars,
          hangedman_abyss_or_decor_lesser_grid,
          serial_library_hellmonk_secret_room, minivault_4,
          palyth_stone_intersect, uniq_prince_ribbit1
D:7:      layout_basic, serial_shops, shop_scrolls
D:8:      layout_basic, nzn_wu_jian_council_hall, minmay_manual_mess
D:9:      layout_stronghold, minmay_lair_entry_grove, uniq_maurice
D:10:     layout_cave_pools, grunt_temple_overflow_diamond, enter_bailey_3
D:11:     layout_loops_ring, orc_0_dummy, minivault_21
D:12:     layout_loops_ring, uniq_rupert, uniq_nergalle
D:13:     layout_gridville, skrybe_vaults_entry_preservation,
          portal_ice_cave_demonic_guard, unseen_surprise_small, uniq_frances,
          uniq_jorgrun
D:14:     layout_basic
D:15:     hangedman_crystal_crosses_colossus [crystal_crosses_arms_four,
          crystal_crosses_arms_four, crystal_crosses_arms_two], serial_shops
Temple:   sentei_temple_godly_chess
Lair:1:   layout_loops_ring, hellmonk_guarded_unrand_seven_league_boots,
          infiniplex_staircase_pool, grunt_megastairs_3
Lair:2:   nzn_winding_woodlands_small [nzn_winding_woodlands_5x15_split_checker,
          nzn_winding_woodlands_center_pierced_h,
          nzn_winding_woodlands_5x15_sidewinder], layout_cave_pods,
          elwin_shoals_entry_rocks, uniq_erica
Lair:3:   layout_cave_pods, nicolae_snake_entry_warm_welcome
Lair:4:   layout_misc_corridors, serial_rivers, chequers_serial_rivers_micro_b,
          chequers_serial_rivers_micro_b, chequers_serial_rivers_small_a,
          chequers_serial_rivers_micro_a, chequers_serial_rivers_micro_c,
          chequers_serial_rivers_small_a
Lair:5:   gammafunk_lair_ancient_temple, layout_cave_pods,
          nicolae_slime_entry_slimehenge, infiniplex_staircase_pool_2
Shoals:1: layout_shoals, gammafunk_ghost_necromancy
Shoals:2: layout_shoals, uniq_ilsuiw
Shoals:3: layout_shoals, uniq_polyphemus
Shoals:4: shoals_end_hangedman, layout_shoals, serial_shops,
          nicolae_shop_advertising_works [nicolae_subvault_shop_adworks],
          nicolae_shop_tiny_waterfront
Snake:1:  layout_gridlike, special_room, nicolae_shop_overcharged_wands,
          uniq_aizul
Snake:2:  layout_onion, serial_shops, shop, shop, nicolae_shop_statue_plus,
          nicolae_shop_pleasant_corner_grove, shop, basic_altar,
          serial_bayou_lagoon_a, uniq_vashnia
Snake:3:  gammafunk_the_bubble [the_bubble_gammafunk_split],
          layout_onion_interference, serial_shops, nicolae_stop_n_shop_1,
          lemuel_fruit_tree
Snake:4:  snake_pit_salamanders_mu, layout_grid_shapes, abandoned_shop,
          uniq_mara, uniq_roxanne
Slime:1:  layout_caves, nicolae_slime_phagocytosis
Slime:2:  layout_caves
Slime:3:  layout_caves, nicolae_slime_barrier,
          cheibrodos_slime_lost_civilization_7
Slime:4:  layout_caves, special_room [special_room_jelly],
          nicolae_slime_rock_hall_of_fame
Slime:5:  slime_pit
Orc:1:    layout_diamond_mine
Orc:2:    st_orc_mages, layout_caves, basic_altar, serial_shops,
          nicolae_shop_hallway_plus
Elf:1:    minmay_elf_crystal_square, layout_gridlike, minmay_elf_sorcery,
          nicolae_danse_macabre, uniq_louise
Elf:2:    nicolae_elf_blades_splatter_lattice [grunt_blade_entry_basic],
          layout_geoelf_octagon, serial_shops, nicolae_shop_tiny_glass,
          ploomutoo_gammafunk_ghost_potion_laboratory, uniq_donald, uniq_agnes
Elf:3:    grunt_elf_hall_asides, layout_onion_city, basic_altar,
          minmay_shop_grove
Vaults:1: ontoclasm_vaults_spin, nicolae_vaults_twisting_passages,
          nicolae_vaults_mitosis, nicolae_vaults_storage_closets_1,
          nicolae_vaults_off_center_swirl, hangedman_vaults_stitches,
          nicolae_vaults_diagonal_hallway_9,
          nicolae_vaults_windows_and_doors_thing, ontoclasm_vaults_fault,
          v_alt_pattern_1, vaults_dpeg_emergency_exit, layout_vaults_big_room
Vaults:2: nicolae_vaults_closet_pinwheel_4, v_misc_24,
          nicolae_vaults_network_square, st_smaller_cells,
          nicolae_vaults_trapezoid_lopsided_2, nicolae_vaults_ninety_degrees,
          nicolae_vaults_stepped_doors, v_misc_27, nicolae_vaults_house_2,
          nicolae_vaults_yaktaur_gun_rack, ontoclasm_vaults_twist,
          layout_vaults_omnicross
Vaults:3: portal_desolation_entry_holy_temple,
          hangedman_vaults_stretched_pinwheel, hangedman_vaults_variations,
          v_alt_pattern_2, st_lines, minmay_crypt_entry_skeletal_spiral,
          hangedman_vaults_nails, nicolae_vaults_closet_pinwheel_3,
          hangedman_vaults_stretched_pinwheel, nicolae_vaults_house_1,
          layout_vaults_omnigrid, uniq_norris, uniq_saint_roka, uniq_margery
Vaults:4: nicolae_vaults_six-pack, st_squares, v_misc_24,
          vaults_mumra_minichess_inversion, nicolae_vaults_door_testing_chamber,
          v_misc_18, nicolae_vaults_trapezoid_3,
          vaults_standard_mumra_enter_the_diamond, v_misc_3,
          nicolae_vaults_gold_heap, vaults_dpeg_hooks,
          nicolae_vaults_trapezoid_lopsided_3, layout_vaults_ring,
          uniq_frederick
Vaults:5
Depths:1: layout_forbidden_donut, enter_ziggurat_d, hell_entry, zin_statuary,
          grunt_megastairs_1, firewood_loft, uniq_asterion
Depths:2: minmay_crescents, layout_gridville, serial_shops,
          nicolae_shop_gaudy_bauble, lightli_enter_wizlab_magi_temple,
          grunt_hell_horde, grunt_pan_entry_in_and_out,
          nicolae_elevator_lobby_plus
Depths:3: lemuel_firewalk_3, layout_basic, minmay_misc_feat_columns,
          abyss_entry_crystal, hellmouth_1, minmay_misc_feat_room,
          minmay_staircase_bubble
Depths:4: grunt_zot_entry_funnels, layout_honeycomb, pf_hell_entry_tar_spiral,
          moated_statue, minivault_11
Zot:1:    layout_gridlike
Zot:2:    layout_gridville, regret_index_zotdec_twisting_globes,
          grunt_megastairs_2
Zot:3:    lemuel_firehouse, layout_onion_interference, st_small_dragon_hoard_5,
          uniq_vv, uniq_josephina
Zot:4:    layout_concentric_octagons
Zot:5:    layout_twisted_circle

Skill      XL: |  1  2  3  4  5  6  7  8  9 10 11 12 13 14 15 16 17 18 19 20 21 22 23 24 25 26 27 |
---------------+----------------------------------------------------------------------------------+-----
Stealth        | 3 4 5 6 7 8 10 14 15 | 15.3
Spellcasting   | 4 5 6 7 8 10 11 12 13 15 17 18 19 20 21 22 24 25 26 27 | 27.0
Earth Magic    | 4 5 6 7 8 9 10 11 12 13 14 16 17 18 19 21 22 23 24 25 | 25.3
Fighting       | 2 3 4 5 7 8 9 10 11 12 13 14 15 16 17 18 19 20 21 | 21.5
Conjurations   | 3 5 7 9 10 12 | 12.1
Ice Magic      | 4 6 7 8 9 11 12 13 15 18 19 21 22 | 22.1
Air Magic      | 3 5 |  5.0
Dodging        | 3 5 |  5.0
Alchemy        | 2 4 5 |  5.0
Evocations     | 4 |  4.1
Necromancy     | 4 5 |  5.1
Shields        | 5 8 10 11 12 13 14 15 | 15.0

Action                     |  1- 3 |  4- 6 |  7- 9 | 10-12 | 13-15 | 16-18 | 19-21 | 22-24 | 25-27 || total
---------------------------+-------+-------+-------+-------+-------+-------+-------+-------+-------++-------
  Melee: Unarmed           |     1 |     1 |       |     1 |       |       |       |       |       ||     3
         Staff             |       |       |       |     4 |    47 |    17 |     4 |     2 |       ||    74
         Dagger            |       |       |       |       |       |       |       |     1 |     6 ||     7
  Throw: Throwing net      |       |       |       |     1 |       |       |       |       |       ||     1
   Cast: Sandblast         |    43 |    86 |    76 |    57 |   120 |       |       |       |       ||   382
         Stone Arrow       |       |       |    58 |   121 |   180 |     1 |       |       |       ||   360
         Brom's Barrelling |       |       |     5 |    19 |    14 |     1 |       |       |       ||    39
         Passwall          |       |       |       |     2 |     1 |     1 |       |     1 |       ||     5
         Freezing Cloud    |       |       |       |    71 |   195 |   198 |    16 |       |       ||   480
         Irradiate         |       |       |       |       |     9 |    12 |     6 |     4 |     6 ||    37
         Borgnjor's Vile C |       |       |       |       |   100 |   178 |    79 |    51 |    22 ||   430
         Ozocubu's Refrige |       |       |       |       |    12 |   178 |   132 |     3 |    98 ||   423
         Bombard           |       |       |       |       |    68 |   147 |   141 |    75 |    23 ||   454
         Orb of Destructio |       |       |       |       |       |    22 |    61 |    39 |    21 ||   143
         Swiftness         |       |       |       |       |       |     2 |     2 |       |       ||     4
         Lehudib's Crystal |       |       |       |       |       |       |   132 |    80 |    78 ||   290
         Shatter           |       |       |       |       |       |       |   113 |   313 |   346 ||   772
         Polar Vortex      |       |       |       |       |       |       |       |     5 |    27 ||    32
  Evoke: Wand              |       |       |       |       |     4 |     3 |     2 |    14 |     3 ||    26
         Phantom mirror    |       |       |       |       |       |       |     1 |       |       ||     1
         Condenser vane    |       |       |       |       |       |       |     1 |       |       ||     1
    Use: Scroll            |       |     1 |    17 |    11 |    14 |     5 |     5 |    10 |    13 ||    76
         Potion            |       |       |       |     2 |     4 |     2 |     8 |    11 |    23 ||    50
 Armour: Robe              |     7 |    12 |     2 |       |    62 |   182 |   122 |   120 |   119 ||   626
         Leather armour    |       |       |    41 |    77 |   111 |       |       |       |       ||   229
  Dodge: Dodged            |    11 |    34 |    38 |    54 |   128 |    78 |    78 |    47 |    42 ||   510
  Block: Kite shield       |       |       |       |       |       |   115 |    59 |       |    18 ||   192
         Buckler           |       |       |       |       |       |       |       |    24 |    13 ||    37

Table legend: (Time is in decaauts)
 A = Elapsed time spent in this place.
 B = Non-inter-level travel time spent in this place.
 C = Inter-level travel time spent in this place.
 D = Time resting spent in this place.
 E = Time spent auto-exploring this place.
 F = Levels seen in this place.
 G = Mean time per level.
                   A        B        C        D        E       F      G
               +--------+--------+--------+--------+--------+-----+--------+
         Total | 105072 |  96716 |   8356 |  26244 |  53390 |  56 | 1876.3 |
       Dungeon |  22306 |  20221 |   2085 |   3020 |  13798 |  15 | 1487.1 |
        Temple |     20 |     20 |      0 |      0 |      0 |   1 |   20.0 |
          Lair |  10134 |   8975 |   1159 |   1630 |   6068 |   5 | 2026.8 |
        Shoals |   7381 |   7164 |    217 |   1870 |   4195 |   4 | 1845.2 |
     Snake Pit |  12159 |  10881 |   1278 |   3823 |   4857 |   4 | 3039.8 |
    Slime Pits |   6295 |   6089 |    206 |   3445 |   1627 |   5 | 1259.0 |
  Orcish Mines |   3038 |   2512 |    526 |    495 |   1501 |   2 | 1519.0 |
   Elven Halls |   6419 |   5902 |    517 |   2025 |   2865 |   3 | 2139.7 |
        Vaults |  16268 |  15208 |   1060 |   4502 |   8044 |   5 | 3253.6 |
        Depths |   6577 |   5895 |    682 |   1062 |   3740 |   4 | 1644.2 |
           Zot |  10038 |   9415 |    623 |   3125 |   4872 |   5 | 2007.6 |
        Bailey |    500 |    500 |      0 |    126 |    191 |   1 |  500.0 |
        Wizlab |   2204 |   2204 |      0 |    710 |   1013 |   1 | 2204.0 |
    Desolation |   1726 |   1726 |      0 |    410 |    616 |   1 | 1726.0 |
               +--------+--------+--------+--------+--------+-----+--------+

Top non-repeatable levels by time:
 Snake:4: 5233 daAuts
Vaults:3: 5199 daAuts
 Slime:4: 3831 daAuts
 Snake:2: 3307 daAuts
Vaults:4: 3252 daAuts
Vaults:2: 3170 daAuts
Vaults:1: 3001 daAuts
    D:15: 2795 daAuts
   Elf:2: 2731 daAuts
Shoals:3: 2515 daAuts
  Lair:2: 2470 daAuts
  Lair:5: 2453 daAuts
   Zot:2: 2312 daAuts
   Zot:3: 2278 daAuts
  WizLab: 2204 daAuts
